 Dungeon Crawl Stone Soup version 0.30-a0-779-g7971cf19c3 (console) character file.

Game seed: 5784469909069298705

37 grothendieck the Shield-Bearer (level 3, -15/35 HPs)
             Began as a Gnoll Fighter on Feb 17, 2023.
             Killed by an exploding jackal (33 damage)
             ... ignited by their inner flame
             ... on level 5 of the Dungeon.
             The game lasted 00:31:08 (1219 turns).

grothendieck the Shield-Bearer (Gnoll Fighter)      Turns: 1219, Time: 00:31:08

Health: -15/35     AC: 10    Str: 15 (17) XL:     3   Next: 41%
Magic:  4/4        EV:  6    Int:  5 (7)  God:
Gold:   110        SH:  5    Dex:  9 (11) Spells: 2/3 levels left

rFire   . . .      SeeInvis .    a - +0 long sword
rCold   . . .      Faith    .    c - +0 buckler
rNeg    . . .      Spirit   .    k - +0 chain mail
rPois   .          Reflect  .    (no helmet)
rElec   .          Harm     .    (no cloak)
rCorr   .          Rampage  .    (no gloves)
Will    +....                    (no boots) Stlth
                                 (no amulet)
HPRegen 0.25/turn                o - ring of willpower
MPRegen 0.09/turn                (no ring)

@: mighty, marked
A: fangs 1, strong nose, distributed training
a: no special abilities


You were on level 5 of the Dungeon.
You visited 1 branch of the dungeon, and saw 4 of its levels.

You collected 110 gold pieces.

Inventory:

Hand Weapons
 a - a +0 long sword (weapon)
 e - a +2 heavy mace
 f - a +1 short sword of protection
Missiles
 g - 22 stones (quivered)
Armour
 b - a +1 scale mail
 c - a +0 buckler (worn)
 k - a +0 chain mail (worn)
Jewellery
 o - a ring of willpower (left hand)
Scrolls
 i - a scroll of amnesia
 j - 2 scrolls of identify
 m - a scroll of immolation


   Skills:
 + Level 6.5 Fighting
 + Level 0.8 Short Blades
 + Level 4.5 Long Blades
 + Level 0.8 Axes
 + Level 0.8 Maces & Flails
 + Level 0.8 Polearms
 + Level 0.8 Staves
 + Level 0.8 Ranged Weapons
 + Level 0.8 Throwing
 + Level 6.5 Armour
 + Level 0.8 Dodging
 + Level 0.8 Stealth
 + Level 6.5 Shields
 + Level 0.8 Unarmed Combat
 + Level 0.8 Spellcasting
 + Level 0.5 Conjurations
 + Level 0.5 Hexes
 + Level 0.5 Summonings
 + Level 0.5 Necromancy
 + Level 0.5 Translocations
 + Level 0.5 Transmutations
 + Level 0.5 Fire Magic
 + Level 0.5 Ice Magic
 + Level 0.5 Air Magic
 + Level 0.5 Earth Magic
 + Level 0.5 Poison Magic
 + Level 1.0 Invocations
 + Level 0.8 Evocations


You had 2 spell levels left.
You knew the following spells:

 Your Spells              Type           Power      Damage    Failure   Level
a - Freeze                Ice            0%         1d3       100%        1

Your spell library contained the following spells:

 Spells                   Type           Power      Damage    Failure   Level
 Frozen Ramparts          Ice            0%         1d1       100%        3
 Hailstorm                Conj/Ice       0%         3d3       100%        3
 Animate Armour           Summ/Erth      0%         N/A       100%        4
 Blade Hands              Tmut           0%         N/A       100%        5
 Iron Shot                Conj/Erth      0%         9d1       100%        6


Dungeon Overview and Level Annotations

Branches:
Dungeon (3/15)

Altars:

Annotations:
D:2 Natasha


Innate Abilities, Weirdness & Mutations

You have very sharp teeth.
Your uncanny sense of smell can sniff out nearby items.
Your experience applies equally to all skills.


Message History

The water moccasin bites you but does no damage.
The jackal stops to sniff the ground.
The jackal bites you but does no damage.
It was a potion of degeneration.
There was something very wrong with that liquid.
You feel weakened.
You feel dopey.
You feel clumsy.
The water moccasin bites you but does no damage.
The jackal bites you but does no damage.
The water moccasin bites you.
You hit the water moccasin but do no damage.
Your bite misses the water moccasin.
The water moccasin is moderately wounded.
The jackal bites you but does no damage.
The water moccasin bites you but does no damage.
Okay, then.
You feel very mighty all of a sudden. You block the jackal's attack.
The water moccasin bites you but does no damage.
The jackal bites you but does no damage.
You block the water moccasin's attack.
You closely miss the water moccasin. Your bite misses the water moccasin.
The water moccasin is moderately wounded.
The jackal bites you but does no damage.
You block the water moccasin's attack.
The jackal bites you but does no damage.
You barely miss the jackal.
The water moccasin bites you but does no damage.
You block the jackal's attack.
The water moccasin bites you but does no damage.
You closely miss the jackal. You block the water moccasin's attack.
The jackal bites you but does no damage.
An adder comes into view.
The jackal bites you but does no damage.
The water moccasin bites you but does no damage.
You slash the jackal!
The jackal explodes!
The fiery explosion engulfs the jackal!!
The fiery explosion engulfs you!!
Ouch! That really hurt!
You die...

..# #.# #S# #S#
... #.## #.#
#.#
#..!.#.######.#
#.....$Y...##h#
##.#.#.###Y##§#
# #.# #.##§#
.#.###Y##@#
#......JcS.#
###.###.####
#.# #.# ∆ #.#
#.# ..# ###


You could see a water moccasin (inner flame), a centaur (inner flame), a jelly
(inner flame), an adder and a jackal (inner flame).

Vanquished Creatures
  A dart slug (D:3)
  3 orcs (D:3)
  3 bats (D:1)
  3 endoplasms
  A giant cockroach (D:1)
  3 goblins (D:1)
  A hobgoblin (D:3)
  3 jackals
  4 quokkas
  A ball python (D:1)
  3 frilled lizards
  A kobold (D:1)
  6 rats
33 creatures vanquished.

Notes
Turn   | Place    | Note
-------+----------+-------------------------------------------
     0 | D:1      | grothendieck the Gnoll Fighter began the quest for the Orb.
     0 | D:1      | Reached XP level 1. HP: 23/23 MP: 1/1
   135 | D:1      | Reached XP level 2. HP: 29/29 MP: 2/2
   516 | D:1      | Learned a level 1 spell: Freeze
   624 | D:2      | Noticed Natasha
   625 | D:2      | Noticed a crimson imp
   634 | D:2      | Noticed a crimson imp
   635 | D:3      | Noticed a +0 falchion
   635 | D:3      | Noticed a +0 falchion
   635 | D:3      | Noticed a +0 short sword
   635 | D:3      | Noticed a +0 spear
   636 | D:3      | Noticed a +0 dagger
   636 | D:3      | Noticed a +0 spear
   636 | D:3      | Noticed a +0 short sword
   636 | D:3      | Noticed a +0 dagger
   707 | D:3      | Reached XP level 3. HP: 35/35 MP: 3/3
   960 | D:3      | Reached skill level 1 in Invocations
  1181 | D:3      | You fall into a shaft and drop 2 floors!
  1181 | D:5      | Entered Level 5 of the Dungeon
  1194 | D:5      | Noticed an ice beast
  1195 | D:5      | Noticed a water moccasin
  1201 | D:5      | Noticed a centaur
  1219 | D:5      | Killed by an exploding jackal... ignited by their inner
                  | flame

Illustrated notes

Levels and vault maps discovered:
D:1:      nicolae_arrival_somewhat_less_tricky_arrival, layout_rooms,
          minmay_tripent
D:2:      layout_loops_corners, minmay_fractal_squares_5, uniq_sigmund,
          uniq_natasha, uniq_jessica
D:3:      layout_basic, nicolae_uskayaw_en_pointe, hangedman_feature_mirror,
          uniq_robin
D:5:      layout_loops_ring, pf_just_have_faith, chequers_serial_rivers_micro_c,
          uniq_crazy_yiuf_cottage

Skill      XL: |  1  2  3 |
---------------+----------+-----
Invocations    | 1 |  1.0
Fighting       | |  6.5
Short Blades   | |  0.8
Long Blades    | |  4.5
Axes           | |  0.8
Maces & Flails | |  0.8
Polearms       | |  0.8
Staves         | |  0.8
Ranged Weapons | |  0.8
Throwing       | |  0.8
Armour         | |  6.5
Dodging        | |  0.8
Stealth        | |  0.8
Shields        | |  6.5
Unarmed Combat | |  0.8
Spellcasting   | |  0.8
Conjurations   | |  0.5
Hexes          | |  0.5
Summonings     | |  0.5
Necromancy     | |  0.5
Translocations | |  0.5
Transmutations | |  0.5
Fire Magic     | |  0.5
Ice Magic      | |  0.5
Air Magic      | |  0.5
Earth Magic    | |  0.5
Poison Magic   | |  0.5
Evocations     | |  0.8

Action                     || total
---------------------------++-------
  Melee: Long sword        ||    96
         Bite              ||     5
    Use: Scroll            ||     6
         Potion            ||     3
 Armour: Scale mail        ||    13
         Chain mail        ||    52
  Dodge: Dodged            ||    21
  Block: Buckler           ||    26

Table legend: (Time is in decaauts)
 A = Elapsed time spent in this place.
 B = Non-inter-level travel time spent in this place.
 C = Inter-level travel time spent in this place.
 D = Time resting spent in this place.
 E = Time spent auto-exploring this place.
 F = Levels seen in this place.
 G = Mean time per level.
                   A        B        C        D        E       F      G
               +--------+--------+--------+--------+--------+-----+--------+
         Total |   1236 |   1225 |     11 |     63 |    650 |   4 |  309.0 |
       Dungeon |   1236 |   1225 |     11 |     63 |    650 |   4 |  309.0 |
               +--------+--------+--------+--------+--------+-----+--------+

Top non-repeatable levels by time:
     D:1: 621 daAuts
     D:3: 555 daAuts
     D:5: 39 daAuts
     D:2: 19 daAuts
